 Dungeon Crawl Stone Soup version 0.22-a0-458-gb446440 (webtiles) character file.

228549 Mgcat the Eviscerator (level 18, -2/98 HPs)
             Began as a Felid Berserker on June 8, 2018.
             Was a High Priest of Trog.
             Blown up by an eye of devastation (21 damage)
             ... with a bolt of energy
             ... on level 5 of the Pits of Slime.
             The game lasted 03:53:05 (60306 turns).

Mgcat the Eviscerator (Felid Berserker)            Turns: 60306, Time: 03:53:05

Health: -2/98      AC:  3    Str: 20    XL:     18   Next: 27%
Magic:  28/28      EV: 37    Int: 10    God:    Trog [*****.]
Gold:   382        SH:  0    Dex: 21    Spells: 17/17 levels left
                                        Lives:  0   Deaths: 5

rFire    + . .     SeeInvis +     - Unarmed
rCold    + . .     Gourm    .   (shield unavailable)
rNeg     + . .     Faith    +   (armour unavailable)
rPois    .         Spirit   .   (helmet unavailable)
rElec    .         Reflect  .   (cloak unavailable)
rCorr    +         Harm     .   (gloves unavailable)
MR       +++..                  (boots unavailable)
Stlth    ++++++++..             z - amulet of Toqeorej {Faith *Drain rF+ rN+ MR+}
HPRegen  0.26/turn              d - ring of the Bull {+Fly Str+4 Int+4 Slay+3 Stlth+}
MPRegen  0.21/turn              r - ring of resist corrosion

@: berserk cooldown, slowed, slow
A: very small, no armour, no weapons or thrown items, stealth, claws 1, fangs 3,
see invisible, carnivore, dopey 1, speed 1, shaggy fur 3, slow metabolism 1,
sharp paws
}: 2/15 runes: decaying, gossamer
a: Berserk, Trog's Hand, Brothers in Arms, Renounce Religion, Evoke Flight


You were on level 5 of the Pits of Slime.
You worshipped Trog.
Trog was extremely pleased with you.
You were hungry.

You visited 8 branches of the dungeon, and saw 43 of its levels.

You collected 4047 gold pieces.
You spent 3665 gold pieces at shops.

Inventory:

Jewellery
 d - the ring of the Bull (left paw) {+Fly Str+4 Int+4 Slay+3 Stlth+}
   (You acquired it on level 3 of the Lair of Beasts)

   [ring of flight]

   It affects your strength (+4).
   It affects your intelligence (+4).
   It affects your accuracy and damage with ranged weapons and melee attacks
   (+3).
   It lets you fly.
   It makes you more stealthy.
 l - a +5 ring of evasion
   (You found it on level 10 of the Dungeon)
 q - an uncursed ring of poison resistance {rPois, !d}
   (You found it on level 6 of the Lair of Beasts)
 r - a ring of resist corrosion (right paw)
   (You found it on level 10 of the Dungeon)
 t - an uncursed ring of protection from fire {rF+, !d}
   (You found it on level 6 of the Dungeon)
 y - an uncursed ring of protection from cold {rC+, !d}
   (You found it on level 9 of the Dungeon)
 z - the amulet of Toqeorej (around neck) {Faith *Drain rF+ rN+ MR+}
   (You found it on level 1 of the Lair of Beasts)

   [amulet of faith]

   It allows you to gain divine favour quickly.
   It protects you from fire.
   It protects you from negative energy.
   It affects your resistance to hostile enchantments.
   It causes draining when unequipped.
 B - an uncursed amulet of guardian spirit {Spirit}
   (You found it on level 4 of the Spider Nest)
 M - an uncursed ring of fire {rF+, rC-}
   (You took it off a deep elf knight on level 3 of the Elven Halls)
Wands
 k - a wand of flame (33)
   (You found it on level 1 of the Spider Nest)
 o - a wand of enslavement (7)
   (You found it on level 4 of the Dungeon)
 s - a wand of iceblast (33)
   (You found it on level 5 of the Dungeon)
 C - a wand of digging (22)
   (You found it on level 10 of the Dungeon)
 E - a wand of paralysis (39)
   (You bought it in a shop on level 2 of the Orcish Mines)
 J - a wand of clouds (6)
   (You found it on level 14 of the Dungeon)
 L - a wand of acid (1)
   (You found it on level 14 of the Dungeon)
 N - a wand of disintegration (23)
   (You found it on level 4 of the Swamp)
Scrolls
 b - 7 scrolls of teleportation
 c - 5 scrolls of identify
 g - 8 scrolls of remove curse
 i - 2 scrolls of blinking {!r}
 n - 7 scrolls of fog
 x - a scroll of holy word {!r}
 I - 2 scrolls of magic mapping {!r}
 P - a scroll of summoning
Potions
 e - 9 potions of curing
 h - 6 potions of mutation {!q}
 m - 4 potions of ambrosia
 p - 6 potions of resistance
 u - a potion of agility
 v - 3 potions of haste
 A - 7 potions of flight
 F - a potion of might
 K - a potion of cancellation
 O - a potion of invisibility
Miscellaneous
 f - a lightning rod (4/4)
   (You found it on level 3 of the Swamp)
 j - 2 phantom mirrors
 w - a sack of spiders
 G - a phial of floods
   (You found it on level 4 of the Vaults)
 H - a lamp of fire
   (You bought it in a shop on level 1 of the Elven Halls)
Comestibles
 a - 64 rations


   Skills:
 + Level 20.7 Fighting
 + Level 20.8 Dodging
 - Level 15.0 Stealth
 + Level 22.6 Unarmed Combat
 + Level 12.4 Evocations


You had 17 spell levels left.
You didn't know any spells.
Your spell library was empty.

Dungeon Overview and Level Annotations

Branches:
Dungeon (15/15)            Temple (0/1) D:7            Lair (6/6) D:10
  Swamp (4/4) Lair:3       Spider (4/4) Lair:3        Slime (5/5) Lair:5
    Orc (2/2) D:11            Elf (3/3) Orc:2        Vaults (4/5) D:14
  Crypt (0/3) Vaults:3     Depths (0/5) D:15

Altars:
Ashenzari
Dithmenos
Elyvilon
Fedhas
Makhleb
Nemelex Xobeh
Okawaru
Qazlal
Trog
Uskayaw
Vehumet
Wu Jian
Xom
Yredelemnul

Shops:
D:4 (   D:10 }   Orc:2 }?[%   Elf:1 }*(}%   Elf:2 (   Vaults:4 %:

Portals:
Pandemonium: Orc:2

Annotations:
D:4 1 exclusion, Grinder
D:5 1 runed door, exclusion: moth of wrath
D:7 exclusion: centaur
D:14 Frances
Lair:1 exclusion: oklob plant, Sonja
Lair:3 exclusion: electric eel, Urug
Lair:6 1 runed door
Swamp:4 Lernaean hydra
Slime:4 exclusion: azure jelly
Slime:5 exclusion: great orb of eyes
Elf:2 3 runed doors
Elf:3 exclusion: orange crystal statue
Vaults:2 6 exclusions, Jory, Mara
Vaults:3 exclusion: orc sorcerer, Asterion, Mennas


Innate Abilities, Weirdness & Mutations

You cannot wear armour.
You are incapable of wielding weapons or throwing items.
Your paws allow you to move quietly. (Stealth)
You have sharp claws.
You have razor-sharp teeth.
You have supernaturally acute eyesight. (SInv)
You are carnivorous and can eat meat at any time.
You cover ground quickly.
Your thick and shaggy fur keeps you warm. (AC +3, rC+)
You have a slow metabolism.
Your sharp claws are effective at attacking unaware monsters.
You are dopey. (Int -2)


Message History

The great orb of eyes misses you. The acid blob hits you!!
You are splashed with acid!
The acid burns!
You resist.
Your troll bites the acid blob.
Your troll is burned by acid!
Your troll claws the acid blob!
Your troll is burned by acid!
Your troll claws the acid blob!
The acid corrodes your troll!
Your troll is burned by acid!
You mangle the acid blob!!
You kill the acid blob!
Trog accepts your kill.
You are no longer corroded.
Your troll bites the great orb of eyes!
Your troll completely misses the great orb of eyes.
Your troll claws the great orb of eyes!
The great orb of eyes bites your troll!!
You catch the helpless great orb of eyes completely off-guard!
You eviscerate the great orb of eyes!!!
You kill the great orb of eyes!
Trog accepts your kill.
You feel the effects of Trog's Hand fading.
The slime creature hits your troll!
A slime creature comes into view.
An acid blob comes into view.
Your troll bites the slime creature!
Your troll claws the slime creature! x2
Your troll bites the slime creature!!
Your troll claws the slime creature!
The slime creature dies!
Trog accepts your kill. The slime creature hits your troll.
A slime creature suddenly becomes a large slime creature.
The acid blob spits acid at you. The splash of acid hits you! You resist.
You are splashed with acid!
The acid burns!
You resist.
Your troll bites the large slime creature.
Your troll claws the large slime creature.
Your troll claws the large slime creature!!
Your troll bites the large slime creature!!
Your troll claws the large slime creature!
Your troll barely misses the large slime creature.
Your troll barely misses the acid blob.
Your troll claws the acid blob.
Your troll is burned by acid!
Your troll claws the acid blob!
Your troll is burned by acid!
A large slime creature splits.
Your skin stops crawling.
You feel less resistant to hostile enchantments.
Your troll bites the acid blob!!
The acid corrodes your troll!
Your troll is burned by acid!
Your troll dies!
Your troll's corpse disappears in a puff of smoke!
Your troll goes berserk!
You feel quite a bit more hungry. The acid blob spits acid at you.
The splash of acid hits you! You resist.
You are splashed with acid!
The acid burns!
You resist.
Your troll rages.
The acid blob spits acid at you. The splash of acid hits you! You resist.
You are splashed with acid!
The acid burns!
You resist.
* * * LOW HITPOINT WARNING * * *
You feel better.
Your troll barely misses the slime creature.
Your troll claws the slime creature!
Your troll claws the slime creature.
The slime creature hits your troll!
Your troll bites the slime creature!!
Your troll claws the slime creature but does no damage.
Your troll claws the slime creature!!
The slime creature dies!
Trog accepts your kill.
An eye of devastation comes into view.
Your troll rages.
You scratch the acid blob.
Your paws burn!
You bite the acid blob!
The acid blob is moderately wounded.
The acid blob spits acid at you. The splash of acid hits you! You resist.
* * * LOW HITPOINT WARNING * * *
You are splashed with acid!
The acid burns!
You resist.
* * * LOW HITPOINT WARNING * * *
Your troll bites the acid blob.
Your troll is burned by acid!
Your troll barely misses the acid blob.
Your troll claws the acid blob!!
Your troll is burned by acid!
You mangle the acid blob!!
Your paws burn!
* * * LOW HITPOINT WARNING * * *
You kill the acid blob!
Trog accepts your kill.
You are feeling hungry.
The slime creature hits your troll!
Your troll completely misses the slime creature.
Your troll claws the slime creature.
Your troll closely misses the slime creature.
The eye of devastation gazes at you. The bolt of energy misses you.
Your troll bites the slime creature!!
Your troll claws the slime creature but does no damage.
Your troll claws the slime creature.
The slime creature hits your troll!
Your troll bites the slime creature!!
The slime creature dies!
Trog accepts your kill. The eye of devastation gazes at you.
The bolt of energy hits you!
You die...

#.................##
##.........G.......####
##................#..#
............T......#
................# #
G...............#.#
..................#
..................#
.........@........#
.................###
..................#
................###
.................#
................##
................#
...............##
.......<.........#


You could see an eye of devastation and a friendly troll (berserk).

Vanquished Creatures
  Xtahua (Vaults:2)
  Margery (Vaults:2)
  The ghost of 4thArraOfDagon the Warrior, an adept HOMo of Beogh (Spider:4)
  6 acid blobs
  A deep elf master archer (Elf:3)
  A deep elf blademaster (Elf:3)
  A thorn hunter (Swamp:4)
  An azure jelly (Slime:4)
  4 emperor scorpions
  8 deep elf sorcerers
  4 vault wardens
  2 ghost moths (Spider:4)
  Aizul (Vaults:1)
  A frost giant (Vaults:3)
  5 deep elf elementalists (Elf:3)
  13 ironheart preservers
  10 very ugly things
  A stone giant (Vaults:2)
  4 deep elf demonologists
  4 entropy weavers
  8 deep elf annihilators (Elf:3)
  4 spark wasps
  6 deep elf death magi
  An ettin (Vaults:3)
  2 green deaths (Swamp:4)
  3 fire dragons
  5 deep elf high priests (Elf:3)
  A great orb of eyes (Slime:5)
  7 vault guards (Vaults:3)
  3 ice dragons
  8 yaktaur captains
  A rakshasa (Vaults:3)
  A ghost crab (Swamp:4)
  An anaconda (shapeshifter) (Vaults:2)
  Erica (D:9)
  26 hydras
  2 catoblepae
  12 ogre magi
  3 death knights (Vaults:3)
  9 centaur warriors
  A two-headed ogre (shapeshifter) (Vaults:1)
  33 two-headed ogres
  A tengu warrior (D:15)
  11 alligators
  5 orc high priests
  A thrashing horror (Swamp:4)
  5 dancing weapons
  6 death yaks (Lair:6)
  3 deep troll earth magi
  2 shock serpents (shapeshifter)
  A sun demon (Orc:2)
  Nergalle (Lair:4)
  22 deep elf knights
  A fire crab (Lair:1)
  A fire crab (shapeshifter) (Vaults:1)
  A shadow wraith (Vaults:4)
  5 hell knights (Vaults:2)
  9 skeletal warriors
  14 deep trolls
  2 spriggan druids
  3 swamp dragons (Swamp:4)
  An unseen horror (shapeshifter) (Vaults:4)
  3 unseen horrors
  A gelid demonspawn (Orc:2)
  11 deep elf archers
  A torturous demonspawn (Orc:2)
  A flayed ghost (Vaults:4)
  5 wizards
  A harpy (shapeshifter) (Elf:3)
  4 harpies (Vaults:4)
  A lindwurm (Lair:6)
  A fire giant zombie (Vaults:4)
  29 wolf spiders
  36 ugly things
  7 ironbrand convokers
  A salamander (shapeshifter) (Vaults:4)
  17 orc knights
  12 cyclopes
  4 necromancers
  11 orc sorcerers
  62 deep elf magi
  8 orb spiders
  2 stone giant zombies
  2 shining eyes
  A manticore (D:13)
  A large abomination (Swamp:4)
  A sphinx skeleton (Vaults:4)
  14 elephants
  5 vault sentinels
  2 moths of wrath
  A centaur zombie (D:13)
  5 black mambas (Lair:6)
  A rust devil (Orc:2)
  13 spiny frogs
  2 torpor snails
  3 orange demons
  A spiny frog (shapeshifter) (Vaults:2)
  A black mamba (shapeshifter) (Vaults:3)
  3 molten gargoyles (Lair:6)
  2 gargoyles (D:15)
  A human zombie (Vaults:3)
  3 rime drakes
  6 freezing wraiths
  6 komodo dragons
  24 yaktaurs
  A kobold demonologist (D:15)
  9 demonic crawlers
  6 meliai
  4 trolls
  A meliai (shapeshifter) (Elf:1)
  2 wind drakes (shapeshifter)
  A queen bee (D:10)
  11 tyrant leeches
  35 jumping spiders
  11 hornets
  A queen bee (shapeshifter) (Vaults:1)
  A hornet (shapeshifter) (Vaults:2)
  3 polar bears (Lair:3)
  57 slime creatures
  10 bog bodies
  A meliai zombie (D:12)
  24 blink frogs
  12 hippogriffs
  4 dream sheep (Lair:6)
  A fire giant simulacrum (Vaults:1)
  3 shadows
  2 air elementals
  9 spriggans
  41 redbacks
  A wyvern (Lair:6)
  5 water elementals
  3 wraiths
  28 yaks
  A fire bat (Lair:1)
  28 tarantellas
  9 basilisks
  3 chaos spawn (Orc:2)
  A yaktaur simulacrum (Vaults:3)
  6 human simulacra
  2 hungry ghosts
  8 swamp worms
  3 wargs
  13 vampire mosquitoes
  A swamp worm (shapeshifter) (Elf:2)
  5 insubstantial wisps (Swamp:2)
  12 water moccasins
  2 human skeletons (Vaults:3)
  7 swamp drakes
  4 hell hounds (Lair:6)
  10 porcupines
  49 orc warriors
  A black bear (D:8)
  3 sky beasts
  2 ice beasts
  2 phantoms
  34 ogres
  25 killer bees
  4 boggarts (D:15)
  5 eyes of draining
  2 necrophages
  7 crocodiles
  22 centaurs
  3 big kobolds
  18 bullfrogs
  A gnoll sergeant (D:12)
  A wyvern skeleton (D:14)
  9 earth elementals
  A water moccasin zombie (D:9)
  2 scorpions
  A small abomination (Swamp:4)
  21 wights
  4 electric eels
  6 crimson imps
  2 bullfrog zombies (D:12)
  5 lava snakes (Lair:6)
  A quasit (D:13)
  2 bullfrog skeletons
  6 hounds
  An iguana (D:4)
  4 jellies
  32 orc priests
  6 centaur skeletons
  24 orc wizards
  10 worker ants
  A hound skeleton (D:9)
  2 worker ant zombies
  6 adders
  8 gnolls
  A howler monkey skeleton (D:5)
  A shadow imp (D:11)
  13 white imps
  4 oozes
  An adder skeleton (D:6)
  An adder zombie (D:6)
  9 dart slugs
  6 leopard geckos
  107 orcs
  6 giant cockroaches
  A goblin (D:1)
  7 hobgoblins
  3 jackals (D:7)
  14 kobolds
  3 quokkas
  A ball python (D:7)
  8 bats
  2 frilled lizards
  A rat (D:1)
  A fungus (Lair:3)
  4 plants (Lair:5)
1548 creatures vanquished.

Vanquished Creatures (collateral kills)
  the Lernaean hydra (Swamp:4)
  A deep elf blademaster (Elf:3)
  An azure jelly (Slime:4)
  Louise (D:14)
  An emperor scorpion (Spider:4)
  A ghost moth (Spider:4)
  An ironheart preserver (Vaults:3)
  A very ugly thing (Vaults:3)
  A deep elf annihilator (Elf:3)
  A deep elf demonologist (Elf:3)
  2 spark wasps (Spider:4)
  2 deep elf death magi (Elf:3)
  A death ooze (Swamp:4)
  A hydra (Lair:1)
  A hell beast (Swamp:4)
  3 alligators
  The ghost of Nib the Grappler, a novice DrTm of Makhleb (D:10)
  A deep troll shaman (Vaults:3)
  A death yak (Lair:6)
  3 spriggans (Swamp:4)
  A spriggan druid (Swamp:4)
  A deep troll (Vaults:3)
  A deep elf archer (Elf:1)
  A wizard (Vaults:1)
  An orc knight (Vaults:4)
  A glowing orange brain (Slime:4)
  A shambling mangrove (Swamp:4)
  2 orb spiders
  2 cyclopes
  3 deep elf magi (Elf:1)
  7 ugly things
  A shining eye (Slime:4)
  An orc sorcerer (Elf:3)
  A black mamba (Lair:4)
  A spiny frog (Swamp:4)
  A yaktaur (D:15)
  A kobold demonologist (D:15)
  4 jumping spiders (Spider:1)
  2 polar bears (Lair:3)
  A hornet (shapeshifter) (Vaults:1)
  A tyrant leech (Swamp:4)
  6 hornets
  7 slime creatures
  5 blink frogs
  An air elemental (Elf:3)
  2 yaks
  A swamp worm (Swamp:4)
  A water moccasin (Lair:1)
  4 orc warriors
  An eye of draining (Slime:4)
  A swamp drake (Swamp:4)
  A big kobold (D:15)
  A killer bee (D:10)
  A wight (D:14)
  A bullfrog zombie (D:14)
  An orc wizard (D:11)
  19 orcs
114 creatures vanquished.

Vanquished Creatures (others)
  A swamp dragon (Swamp:1)
  A swamp drake (Swamp:1)
  A centaur (D:13)
  A killer bee (D:9)
  2 orc wizards (D:9)
  An orc (Orc:1)
  14 fungi
  8 plants
29 creatures vanquished.

Grand Total: 1691 creatures vanquished

Notes
Turn   | Place    | Note
-------+----------+-------------------------------------------
     0 | D:1      | Mgcat the Felid Berserker began the quest for the Orb.
     0 | D:1      | Reached XP level 1. HP: 10/10 MP: 2/2
   444 | D:1      | Reached XP level 2. HP: 14/14 MP: 3/3
   896 | D:2      | Found a faded altar of an unknown god.
   900 | D:2      | Reached skill level 4 in Unarmed Combat
  1100 | D:2      | Reached XP level 3. HP: 17/17 MP: 4/4
  1511 | D:3      | Reached ** piety under Trog
  1618 | D:3      | Reached skill level 1 in Stealth
  1652 | D:3      | Found an ornate altar of the Wu Jian Council.
  1810 | D:3      | Found a shadowy altar of Dithmenos.
  1881 | D:3      | Found an iron altar of Okawaru.
  1935 | D:3      | Reached XP level 4. HP: 21/21 MP: 5/5
  2003 | D:3      | Found a burning altar of Makhleb.
  2004 | D:3      | Found a shimmering altar of Xom.
  2015 | D:3      | Paralysed by a crimson imp for 7 turns
  2033 | D:3      | Reached skill level 2 in Stealth
  2033 | D:3      | Reached skill level 5 in Unarmed Combat
  2246 | D:3      | You fall through a shaft for 3 floors!
  2299 | D:5      | Entered Level 5 of the Dungeon
  2315 | D:5      | Found a blossoming altar of Fedhas.
  2366 | D:5      | Reached skill level 3 in Stealth
  2491 | D:4      | Noticed Grinder
  2512 | D:5      | Found a sparkling altar of Nemelex Xobeh.
  2528 | D:4      | Found Noolafod's Weapon Emporium.
  2548 | D:4      | HP: 2/31 [iguana (8)]
  2550 | D:4      | Reached XP level 5. HP: 3/24 MP: 6/6
  2556 | D:4      | HP: 2/36 [hound (1)]
  3177 | D:4      | Reached skill level 6 in Unarmed Combat
  3533 | D:4      | Gained mutation: You are covered in thick fur. (AC +2) [Felid growth]
  3533 | D:4      | Reached XP level 6. HP: 28/28 MP: 7/7
  3917 | D:5      | Found a radiant altar of Vehumet.
  4018 | D:5      | Found a stormy altar of Qazlal.
  4043 | D:5      | Noticed a moth of wrath
  4046 | D:5      | Found a bloodstained altar of Trog.
  4135 | D:5      | Reached skill level 7 in Unarmed Combat
  4212 | D:5      | Found a sparkling altar of Nemelex Xobeh.
  4375 | D:5      | Found a runed door.
  4668 | D:6      | Reached *** piety under Trog
  4735 | D:6      | Found a radiant altar of Vehumet.
  4758 | D:6      | Reached skill level 5 in Dodging
  4758 | D:6      | Reached XP level 7. HP: 30/31 MP: 8/8
  5197 | D:7      | Reached skill level 6 in Dodging
  5298 | D:7      | Found a shattered altar of Ashenzari.
  5369 | D:7      | Found a staircase to the Ecumenical Temple.
  5410 | D:7      | Reached skill level 8 in Unarmed Combat
  5465 | D:7      | Reached skill level 7 in Dodging
  5737 | D:7      | Reached XP level 8. HP: 33/34 MP: 9/9
  6151 | D:8      | Found a hide-covered altar of Uskayaw.
  6152 | D:8      | Found a white marble altar of Elyvilon.
  6186 | D:8      | Noticed a two-headed ogre
  6248 | D:8      | Reached skill level 8 in Dodging
  6268 | D:8      | Reached skill level 4 in Fighting
  6344 | D:8      | Reached skill level 9 in Unarmed Combat
  6388 | D:8      | Killed a two-headed ogre
  6388 | D:8      | Reached skill level 5 in Fighting
  6388 | D:8      | Reached skill level 9 in Dodging
  6388 | D:8      | Reached XP level 9. HP: 39/40 MP: 10/10
  6677 | D:8      | Reached skill level 1 in Evocations
  6730 | D:8      | HP: 7/40 [centaur/arrow (12)]
  7027 | D:9      | Reached **** piety under Trog
  7144 | D:9      | Reached skill level 2 in Evocations
  7361 | D:9      | Noticed Erica
  7453 | D:9      | Reached skill level 6 in Fighting
  7453 | D:9      | Reached skill level 10 in Dodging
  7553 | D:9      | Reached skill level 10 in Unarmed Combat
  7553 | D:9      | Reached skill level 3 in Evocations
  7927 | D:9      | Reached skill level 4 in Evocations
  7972 | D:9      | Found a burning altar of Makhleb.
  8122 | D:9      | Noticed a two-headed ogre
  8125 | D:9      | Reached ***** piety under Trog
  8392 | D:9      | Killed a two-headed ogre
  8392 | D:9      | Reached skill level 7 in Fighting
  8392 | D:9      | Reached XP level 10. HP: 47/47 MP: 14/14
  8737 | D:9      | Killed Erica
  8737 | D:9      | Reached skill level 5 in Evocations
  8824 | D:10     | Entered Level 10 of the Dungeon
  8829 | D:10     | Found Peeq's Gadget Shoppe.
  8928 | D:10     | Found a staircase to the Lair.
  8928 | D:10     | Noticed an elephant
  8928 | D:10     | Noticed an unseen horror
  8928 | D:10     | Noticed Nib's ghost (novice DrTm)
  8952 | D:10     | Killed an unseen horror
  9060 | D:10     | Killed an elephant
  9060 | D:10     | Reached skill level 11 in Unarmed Combat
  9060 | D:10     | Reached skill level 6 in Evocations
  9100 | D:10     | Reached skill level 8 in Fighting
  9235 | D:10     | Bought a wand of iceblast (9) for 143 gold pieces
  9573 | D:10     | Reached skill level 7 in Evocations
  9601 | D:10     | Killed Nib's ghost
  9645 | D:10     | Reached XP level 11. HP: 52/52 MP: 17/17
  9724 | D:10     | Noticed a two-headed ogre
  9733 | D:10     | Killed a two-headed ogre
  9825 | D:10     | Reached skill level 9 in Fighting
 10005 | D:10     | You fall through a shaft!
 10051 | D:10     | Reached skill level 8 in Evocations
 10506 | D:10     | Reached skill level 12 in Unarmed Combat
 10829 | D:11     | Noticed a two-headed ogre
 10853 | D:11     | Killed a two-headed ogre
 11055 | D:11     | Found a staircase to the Orcish Mines.
 11622 | Lair:1   | Entered Level 1 of the Lair of Beasts
 11627 | Lair:1   | Noticed a six-headed hydra
 11631 | Lair:1   | Killed a six-headed hydra
 11631 | Lair:1   | Reached skill level 9 in Evocations
 11660 | D:10     | Reached skill level 10 in Fighting
 11730 | Lair:1   | Found a basalt altar of Yredelemnul.
 11996 | Lair:1   | Noticed a four-headed hydra
 12108 | Lair:1   | Noticed an oklob plant
 12318 | Lair:1   | Killed a four-headed hydra
 12318 | Lair:1   | Reached skill level 4 in Stealth
 12318 | Lair:1   | Gained mutation: Your thick and shaggy fur keeps you warm. (AC +3, rC+) [Felid growth]
 12318 | Lair:1   | Reached XP level 12. HP: 58/58 MP: 20/20
 12523 | Lair:1   | Identified the Volume of Damaging Displacement
 12747 | Lair:1   | Found a transporter.
 12778 | Lair:1   | Noticed Sonja
 12853 | Lair:1   | Found a transporter.
 13205 | Lair:2   | Reached skill level 5 in Stealth
 13215 | Lair:1   | Reached skill level 10 in Evocations
 13505 | Lair:2   | Noticed a catoblepas
 13527 | Lair:2   | Killed a catoblepas
 13527 | Lair:2   | Reached skill level 6 in Stealth
 13527 | Lair:2   | Reached skill level 13 in Unarmed Combat
 13772 | Lair:2   | Noticed a seven-headed hydra
 13781 | Lair:2   | Killed a seven-headed hydra
 13781 | Lair:2   | Reached skill level 11 in Fighting
 13781 | Lair:2   | Reached skill level 7 in Stealth
 14354 | Lair:2   | HP: 15/60 [poisoned by a redback]
 14359 | Lair:2   | HP: 14/60 [poisoned by a redback]
 14364 | Lair:2   | HP: 13/60 [poisoned by a redback]
 14372 | Lair:2   | HP: 13/60 [poisoned by a redback]
 14874 | Lair:3   | Found a hole to the Spider Nest.
 14980 | Lair:3   | Reached skill level 8 in Stealth
 15268 | Lair:3   | Noticed a seven-headed hydra
 15503 | Lair:3   | Noticed a five-headed hydra
 15549 | Lair:3   | Killed a five-headed hydra
 15814 | Lair:3   | Noticed Urug
 16122 | Lair:3   | Found a staircase to the Swamp.
 16584 | Lair:4   | Noticed Nergalle
 16587 | Lair:4   | Killed Nergalle
 16587 | Lair:4   | Reached XP level 13. HP: 64/64 MP: 21/21
 16597 | Lair:4   | Reached skill level 12 in Fighting
 16777 | Lair:4   | Reached skill level 14 in Unarmed Combat
 18196 | Lair:5   | Found a staircase to the Slime Pits.
 18598 | Lair:6   | Entered Level 6 of the Lair of Beasts
 18835 | Lair:6   | Reached skill level 11 in Dodging
 19941 | Lair:6   | Reached skill level 12 in Dodging
 20068 | Lair:6   | Reached skill level 13 in Fighting
 20833 | Lair:6   | Reached XP level 14. HP: 70/70 MP: 22/22
 20837 | Lair:6   | Reached skill level 15 in Unarmed Combat
 21521 | Lair:6   | Reached skill level 13 in Dodging
 21840 | Lair:6   | Found a large runed door.
 21842 | Lair:6   | Found a large runed door.
 22105 | Orc:1    | Entered Level 1 of the Orcish Mines
 23197 | Orc:2    | Entered Level 2 of the Orcish Mines
 23287 | Orc:2    | Found a staircase to the Elven Halls.
 24257 | Orc:2    | Found Qelaumat's Magic Scroll Shoppe.
 24264 | Orc:2    | Found Xeid's Food Emporium.
 24673 | Orc:2    | Bought a scroll of holy word for 105 gold pieces
 24673 | Orc:2    | Bought a scroll of blinking for 105 gold pieces
 24777 | Orc:2    | Paralysed by an orc sorcerer for 6 turns
 24781 | Orc:2    | HP: 9/71 [orc warrior/flail (20)]
 24782 | Orc:2    | Mangled by an orc warrior
 24783 | Orc:2    | Reached XP level 13. HP: -10/67 MP: 21/21
 24820 | Orc:2    | Reached skill level 14 in Fighting
 24865 | Orc:2    | Reached skill level 14 in Dodging
 25276 | Orc:2    | Reached skill level 16 in Unarmed Combat
 25510 | Orc:2    | Found Nigurchot's Gadget Shop.
 25510 | Orc:2    | Found Saicud's Antique Armour Boutique.
 25511 | Orc:2    | Found a one-way gate leading to the halls of Pandemonium.
 25519 | Orc:2    | Bought a wand of iceblast (11) for 240 gold pieces
 25519 | Orc:2    | Bought a box of beasts for 320 gold pieces
 25519 | Orc:2    | Bought a wand of paralysis (5) for 112 gold pieces
 25519 | Orc:2    | Bought a wand of paralysis (18) for 320 gold pieces
 26678 | D:12     | Reached XP level 14. HP: 72/72 MP: 22/22
 28123 | D:13     | Reached skill level 17 in Unarmed Combat
 28610 | D:14     | Noticed Louise
 28623 | D:14     | Killed Louise
 28669 | D:14     | Noticed Frances
 28738 | D:14     | Found a gate to the Vaults.
 29400 | D:14     | Reached skill level 9 in Stealth
 29647 | D:15     | Entered Level 15 of the Dungeon
 30116 | D:15     | Found a staircase to the Depths.
 30362 | D:15     | Found a basalt altar of Yredelemnul.
 30691 | D:15     | Reached skill level 10 in Stealth
 30879 | D:15     | Reached skill level 15 in Dodging
 31237 | Swamp:1  | Entered Level 1 of the Swamp
 31366 | Lair:1   | Got a coiled zirconium amulet
 31372 | Lair:1   | Reached XP level 15. HP: 76/76 MP: 23/23
 31383 | Lair:1   | Identified the amulet of Toqeorej {Faith *Drain rF+ rN+ MR+} (You found it on level 1 of the Lair of Beasts)
 32529 | Swamp:1  | HP: 20/114 [vampire mosquito (11)]
 32929 | Swamp:2  | Reached skill level 15 in Fighting
 33113 | Swamp:2  | Reached ****** piety under Trog
 33688 | Swamp:2  | Reached skill level 16 in Dodging
 33692 | Swamp:2  | HP: 27/115 [spriggan rider/spear (11)]
 33693 | Swamp:2  | Reached skill level 18 in Unarmed Combat
 33693 | Swamp:2  | HP: 12/115 [spriggan rider/spear (15)]
 34655 | Swamp:3  | HP: 11/77 [alligator (13)]
 35567 | Swamp:4  | Entered Level 4 of the Swamp
 35954 | Swamp:4  | Noticed a thorn hunter
 35968 | Swamp:4  | Killed a thorn hunter
 36128 | Swamp:4  | Reached XP level 16. HP: 81/81 MP: 24/24
 36336 | Swamp:4  | Reached skill level 17 in Dodging
 36353 | Swamp:4  | Noticed the 27-headed Lernaean hydra
 36713 | Orc:2    | Bought a phantom mirror for 480 gold pieces
 36713 | Orc:2    | Bought a phantom mirror for 480 gold pieces
 37048 | Swamp:4  | Killed the 27-headed Lernaean hydra
 38516 | Swamp:4  | Got a decaying rune of Zot
 38802 | Spider:1 | Entered Level 1 of the Spider Nest
 38817 | Spider:1 | HP: 25/123 [jumping spider (17)]
 38819 | Spider:1 | HP: 10/82 [poisoned by a wolf spider]
 38826 | Spider:1 | HP: 20/82 [jumping spider (2)]
 38836 | Lair:3   | Reached skill level 16 in Fighting
 39288 | Lair:3   | Identified a scroll of acquirement
 39289 | Lair:3   | Got a sparkling bronze ring
 39290 | Lair:3   | Identified the ring of the Bull {+Fly Str+4 Int+4 Slay+3 Stlth+} (You acquired it on level 3 of the Lair of Beasts)
 40166 | Spider:1 | Reached skill level 19 in Unarmed Combat
 41137 | Spider:2 | kirsanium: how many lives you have left?
 41570 | Spider:3 | Mgcat: two
 41725 | Spider:3 | Reached XP level 17. HP: 67/87 MP: 25/25
 41992 | Spider:3 | Mgcat: Did you already win a Felif Be ?
 42225 | Spider:3 | Reached skill level 17 in Fighting
 42751 | Spider:4 | Entered Level 4 of the Spider Nest
 43048 | Spider:4 | Noticed 4thArraOfDagon's ghost (adept HOMo)
 43062 | Spider:4 | Killed 4thArraOfDagon's ghost
 43251 | Spider:4 | kirsanium: no, have never even tried
 43403 | Spider:4 | Mgcat: I've read a post on the forum about 17 streak felid an wanted to tries :D
 43579 | Spider:4 | kirsanium: lul, gl
 43765 | Spider:4 | Mgcat: ty
 43977 | Spider:4 | Reached skill level 11 in Stealth
 44794 | Spider:4 | Got a gossamer rune of Zot
 45428 | Vaults:1 | Entered Level 1 of the Vaults
 45509 | Vaults:1 | Reached skill level 11 in Evocations
 45815 | Vaults:1 | HP: 22/88 [yaktaur captain/enchanted arbalest (4)]
 45816 | Vaults:1 | HP: 3/88 [yaktaur captain/enchanted arbalest (19)]
 45819 | Vaults:1 | Slain by a yaktaur captain
 45820 | Vaults:1 | Reached XP level 16. HP: -1/84 MP: 25/25
 45978 | Vaults:1 | Reached skill level 12 in Stealth
 46093 | Vaults:1 | Noticed Aizul
 46102 | Vaults:1 | Reached skill level 20 in Unarmed Combat
 46119 | Vaults:1 | Killed Aizul
 46788 | Vaults:1 | Reached XP level 17. HP: 78/89 MP: 26/26
 47393 | Vaults:1 | Reached skill level 12 in Evocations
 47567 | Vaults:1 | Reached skill level 18 in Fighting
 47570 | Vaults:1 | HP: 32/133 [red ugly thing (7)]
 47575 | Vaults:1 | HP: 30/133 [poisoned by a vault warden]
 47578 | Vaults:1 | HP: 9/89 [green very ugly thing (11)]
 47579 | Vaults:1 | HP: 1/89 [poisoned by a green very ugly thing]
 48623 | Vaults:2 | Noticed Margery
 49471 | Vaults:2 | Noticed Mara
 49845 | Vaults:2 | Noticed Jory
 49865 | Vaults:2 | Noticed Xtahua
 49879 | Vaults:2 | Killed Xtahua
 49959 | Vaults:2 | HP: 24/135 [Jory/glaive of freezing (31)]
 49962 | Vaults:2 | Demolished by Jory
 49963 | Vaults:2 | Reached XP level 16. HP: -14/130 MP: 26/26
 50068 | Vaults:2 | Killed Margery
 50297 | Vaults:3 | Reached skill level 21 in Unarmed Combat
 50299 | Vaults:3 | Reached XP level 17. HP: 90/90 MP: 27/27
 50504 | Vaults:3 | Found a staircase to the Crypt.
 50715 | Vaults:3 | Noticed Mennas
 50761 | Vaults:3 | kirsanium: wtf, mennas in vaults
 51038 | Vaults:3 | Reached skill level 19 in Fighting
 51482 | Vaults:3 | Reached skill level 18 in Dodging
 51545 | Vaults:3 | Reached skill level 13 in Stealth
 52138 | Vaults:3 | Noticed Asterion
 52515 | Vaults:2 | Reached XP level 18. HP: 96/96 MP: 28/28
 52788 | Vaults:4 | Reached skill level 14 in Stealth
 53032 | Vaults:4 | Found Edghag's Book Shoppe.
 53888 | Vaults:4 | HP: 12/96 [yaktaur captain/bolt (40)]
 53888 | Vaults:4 | Slain by a shadow wraith
 53889 | Vaults:4 | Reached XP level 17. HP: -3/91 MP: 27/27
 54161 | Vaults:4 | Reached skill level 19 in Dodging
 54516 | Vaults:4 | Found Ynyeps's Food Emporium.
 54580 | Vaults:4 | Reached skill level 15 in Stealth
 54886 | Vaults:4 | Mgcat: Lots of unique in vaults :/ not in good shape to finish
 55183 | Elf:1    | Entered Level 1 of the Elven Halls
 55207 | Elf:1    | Found a radiant altar of Vehumet.
 55247 | Elf:1    | Found Kiybrih's Food Shoppe.
 55464 | Elf:1    | HP: 17/93 [deep elf archer/uncursed dagger (18)]
 55490 | Elf:1    | HP: 19/93 [deep elf archer/arrow (18)]
 55494 | Elf:1    | HP: 2/93 [deep elf archer/arrow (21)]
 55737 | Elf:1    | Reached XP level 18. HP: 97/97 MP: 28/28
 55863 | Elf:1    | Found Ruor Bemp's Assorted Antiques.
 55960 | Elf:1    | Found Varch's Gadget Boutique.
 55960 | Elf:1    | Found Obis's Gadget Shop.
 55964 | Elf:1    | Found Esathaf's Weapon Boutique.
 55967 | Elf:1    | Reached skill level 20 in Fighting
 55967 | Elf:1    | Reached skill level 22 in Unarmed Combat
 56029 | Elf:1    | Bought a sack of spiders for 340 gold pieces
 56029 | Elf:1    | Bought a wand of iceblast (6) for 170 gold pieces
 56029 | Elf:1    | Bought a wand of iceblast (6) for 170 gold pieces
 56029 | Elf:1    | Bought a lamp of fire for 680 gold pieces
 56716 | Elf:2    | Found Olues's Weapon Shoppe.
 56824 | Elf:2    | Found a runed gate.
 56824 | Elf:2    | Found a runed gate.
 56827 | Elf:2    | Found a runed gate.
 57171 | Elf:3    | Entered Level 3 of the Elven Halls
 57366 | Elf:3    | Reached skill level 20 in Dodging
 57389 | Elf:3    | HP: 23/97 [deep elf blademaster/rapier (10)]
 57412 | Elf:3    | HP: 14/97 [orc sorcerer/bolt of fire (22)]
 58468 | Elf:3    | Found the +2 cloak of the Thief {+Fog Slay-2 SInv Stlth+}
 58483 | Elf:3    | Got a sparkling ruby amulet
 58491 | Elf:3    | Identified Sif Muna's Tome of the Icy Birds
 58499 | Elf:3    | Identified the amulet "Axzunith" {Inacc SInv} (You found it on level 3 of the Elven Halls)
 58500 | Elf:3    | Mgcat: :/ seriously
 59666 | Slime:1  | Entered Level 1 of the Pits of Slime
 59685 | Slime:1  | Reached XP level 19. HP: 102/102 MP: 29/29
 59868 | Slime:1  | Gained mutation: You are dopey. (Int -2) [a shining eye]
 60130 | Slime:4  | Paralysed by a floating eye for 4 turns
 60131 | Slime:4  | HP: 19/102 [slime creature (15)]
 60132 | Slime:4  | HP: 5/102 [slime creature (5)]
 60132 | Slime:4  | Mangled by a slime creature
 60133 | Slime:4  | Reached XP level 18. HP: -9/98 MP: 16/28
 60201 | Slime:5  | Entered Level 5 of the Pits of Slime
 60303 | Slime:5  | HP: 20/98 [acid (6)]
 60306 | Slime:5  | Blown up by an eye of devastation

Vault maps used:
D:1:      scummos_arrival_forest
D:2:      chequers_ecumenical_altar_simple_redux, st_stairs_6
D:3:      kennysheep_slugbush, grunt_temple_overflow_champion_of_chaos,
          nicolae_overflow_crystal_walls, old_standard_altar,
          grunt_dithmenos_smoke_and_mirrors
D:4:      serial_shops, shop, uniq_grinder
D:5:      grunt_temple_overflow_forces_of_nature,
          nemelex_xobeh_ov_fountains_minmay, tgw_trog, first_ration,
          basic_altar, nemelex_dance_club_becter, uniq_crazy_yiuf_cottage
D:6:      vehumet_crystals, kennysheep_small_spiral
D:7:      nicolae_ashenzari_panopticon, minmay_temple_entry_statues_pillars
D:8:      chequers_temple_overflow_statue_of_worship
D:9:      the_bakery, hangedman_decor_clover_reticule, makhleb_heckhound_becter,
          uniq_erica
D:10:     david_lair_generic, serial_shops, shop, minivault_7
D:11:     hiddenorc2_lemuel, portal_ice_cave_entry_imps
D:13:     serial_bayou_crossing
D:14:     david_vaults_2, serial_co_window_serial, co_window_paths_a,
          co_window_corner_a, co_window_paths_a, co_window_paths_a,
          co_window_corner_a, co_window_broadway_b, co_window_broadway_c,
          co_window_2corner, glass_columns_c, glass_columns_a,
          grunt_ministairs_15, hangedman_cracks_in_the_wall, uniq_louise,
          uniq_frances
D:15:     grunt_enter_depths_hoard, minmay_misc_feat_four_crosses, basic_altar
Lair:1:   gammafunk_cloud_chamber, serial_bayou_ford_a, lemuel_oklob_altar,
          uniq_sonja
Lair:3:   minmay_swamp_entry_worms, nicolae_spider_entry_tight_spaces,
          st_stairs_11, cheibrodos_lair_lostbears, lemuel_fruit_tree, uniq_urug
Lair:4:   uniq_nergalle
Lair:5:   dpeg_slime_entry_corner, wad_woods_03
Lair:6:   cheibrodos_lair_end_hotspot
Swamp:1:  hangedman_swamp_blocks, swamp_pool5
Swamp:2:  evilmike_swamp_ruin_house_3, swamp_pool3
Swamp:3:  nicolae_swamp_stair_fork
Swamp:4:  swamp_vile
Spider:3: nicolae_spider_webbed_stairs
Spider:4: spider_rune_water, spider_trap, nicolae_spider_cling_ruins
Slime:1:  cheibrodos_slime_lost_civilization_7
Orc:2:    pf_orc_diabolical
Elf:1:    eino_elf_arrival_altar, serial_shops, nicolae_shop_statue_plus,
          minmay_elf_crystal_heptagon, grunt_ministairs_14, minmay_shoptagon
Elf:2:    serial_corexii_hall, corexii_hall_statues_i,
          corexii_hall_statues_deadend, corexii_hall_statues_l, serial_shops,
          shop
Elf:3:    minmay_elf_hall_curves, minivault_16
Vaults:1: nicolae_vaults_arrows, kb_rosetta, vaults_dpeg_hooks, v_rooms_2,
          hangedman_vaults_stagger, v_misc_17, ontoclasm_vaults_loading_screen,
          hangedman_vaults_slice, nicolae_vaults_border_crossing,
          vaults_mumra_hex, uniq_aizul
Vaults:2: nicolae_vaults_three_branches, nicolae_vaults_ring_of_whatevers,
          nicolae_vaults_yaktaur_gun_rack, v_pattern_4, vaults_room_pools,
          uniq_xtahua, uniq_jory, uniq_margery, uniq_mara
Vaults:3: vaults_room_grunt_arrival_checkpoint, st_lattice,
          nicolae_vaults_asterisk, v_pattern_1, blue_anna_dwarven_crypt,
          nicolae_vaults_gold_heap, nicolae_vaults_network_quinsquares,
          nicolae_vaults_network_s, ontoclasm_vaults_ring_small, v_misc_2,
          hangedman_vaults_nodes, nicolae_vaults_diagonal_hallway_6,
          uniq_mennas, uniq_asterion
Vaults:4: nicolae_vaults_triangles, ontoclasm_vaults_eye,
          vaults_room_mumra_shop_pool, nicolae_vaults_little_squares_3,
          ontoclasm_vaults_fault, grunt_vaults_focal, vaults_room_door_hall,
          nicolae_vaults_diagonal_hallway_8, serial_ice_h,
          nicolae_vaults_rhombus_5, v_misc_28, serial_shops, shop

Skill      XL: |  1  2  3  4  5  6  7  8  9 10 11 12 13 14 15 16 17 18 |
---------------+-------------------------------------------------------+-----
Unarmed Combat | 4 5 6 7 8 9 10 11 12 13 16 17 18 21 22 | 22.6
Stealth        | 1 3 4 8 10 12 15 14 | 15.0
Dodging        | 5 7 9 10 14 15 16 17 19 20 | 20.8
Fighting       | 5 7 8 10 11 14 15 16 19 20 | 20.7
Evocations     | 4 7 9 10 12 | 12.4

Action                   |  1- 3 |  4- 6 |  7- 9 | 10-12 | 13-15 | 16-18 | 19-21 || total
-------------------------+-------+-------+-------+-------+-------+-------+-------++-------
Melee: Unarmed           |    95 |    98 |   192 |   495 |  1394 |  1883 |    78 ||  4235
       Bite              |     9 |    11 |    28 |    58 |   174 |   311 |    11 ||   602
       Punch             |     1 |     5 |     6 |    40 |   130 |   265 |    16 ||   463
Invok: Berserk           |     4 |     6 |    14 |    35 |    99 |   112 |     3 ||   273
       Trog's Hand       |       |       |       |    11 |    39 |    64 |     4 ||   118
       Brothers in Arms  |       |       |       |     7 |     9 |    36 |       ||    52
Evoke: Wand              |       |     1 |    19 |    12 |    52 |    30 |       ||   114
       Lightning rod     |       |       |       |       |     4 |     4 |       ||     8
       Box of beasts     |       |       |       |       |     1 |     5 |       ||     6
       Phantom mirror    |       |       |       |       |       |     2 |       ||     2
       Sack of spiders   |       |       |       |       |       |     2 |       ||     2
       Lamp of fire      |       |       |       |       |       |     1 |       ||     1
  Use: Scroll            |     6 |     4 |     5 |     8 |    20 |    21 |       ||    64
       Potion            |       |       |     2 |     2 |     4 |    18 |       ||    26
 Stab: Sleeping          |     6 |     7 |    17 |    23 |    56 |    77 |     2 ||   188
       Paralysed         |       |       |     2 |     3 |     4 |       |       ||     9
       Distracted        |       |       |     1 |     5 |     7 |    22 |       ||    35
       Petrified         |       |       |       |     1 |       |       |       ||     1
       Confused          |       |       |       |       |     1 |       |       ||     1
       Held in net/web   |       |       |       |       |       |     1 |       ||     1
  Eat: Chunk             |    12 |    11 |    19 |    53 |   152 |   169 |       ||   416
       Ration            |       |       |       |       |       |    13 |       ||    13
Armor: Skin              |     2 |     3 |     8 |     9 |    16 |    18 |       ||    56
Dodge: Dodged            |    67 |    57 |   108 |   403 |  1126 |  1530 |    64 ||  3355

Table legend:
 A = Spawn XP
 B = Non-spawn XP
 C = Spawn XP percentage of total XP
 D = Spawn monster count
 E = Non-spawn monster count
 F = Spawn count percentage of total count
 G = Total turns spent on level
                    A         B        C        D         E        F      G
               +---------+---------+-------+---------+---------+-------+---------
         Total |       0 |  656541 |   0.0 |       0 |    1659 |   0.0 | 60306
               +---------+---------+-------+---------+---------+-------+---------
           D:1 |       0 |      20 |   0.0 |       0 |      12 |   0.0 |   798
           D:2 |       0 |      38 |   0.0 |       0 |      12 |   0.0 |   722
           D:3 |       0 |     125 |   0.0 |       0 |      22 |   0.0 |  1044
           D:4 |       0 |     298 |   0.0 |       0 |      14 |   0.0 |  1059
           D:5 |       0 |     185 |   0.0 |       0 |       7 |   0.0 |   750
           D:6 |       0 |     191 |   0.0 |       0 |       7 |   0.0 |   795
           D:7 |       0 |     911 |   0.0 |       0 |      20 |   0.0 |  1004
           D:8 |       0 |    1718 |   0.0 |       0 |      16 |   0.0 |  1026
           D:9 |       0 |    3858 |   0.0 |       0 |      41 |   0.0 |  1777
          D:10 |       0 |    8588 |   0.0 |       0 |      61 |   0.0 |  2174
          D:11 |       0 |    1859 |   0.0 |       0 |      62 |   0.0 |  1579
          D:12 |       0 |    5537 |   0.0 |       0 |      46 |   0.0 |  1919
          D:13 |       0 |    8529 |   0.0 |       0 |      32 |   0.0 |  1120
          D:14 |       0 |   12929 |   0.0 |       0 |      45 |   0.0 |  1535
          D:15 |       0 |   14360 |   0.0 |       0 |      39 |   0.0 |  1254
        Lair:1 |       0 |    8518 |   0.0 |       0 |      26 |   0.0 |  1536
        Lair:2 |       0 |    6827 |   0.0 |       0 |      25 |   0.0 |  2103
        Lair:3 |       0 |    7319 |   0.0 |       0 |      27 |   0.0 |  2766
        Lair:4 |       0 |    4206 |   0.0 |       0 |      17 |   0.0 |  1061
        Lair:5 |       0 |    6957 |   0.0 |       0 |      19 |   0.0 |  1638
        Lair:6 |       0 |   26876 |   0.0 |       0 |      71 |   0.0 |  3064
       Swamp:1 |       0 |   10816 |   0.0 |       0 |      27 |   0.0 |  1690
       Swamp:2 |       0 |   17052 |   0.0 |       0 |      45 |   0.0 |  1407
       Swamp:3 |       0 |    7582 |   0.0 |       0 |      15 |   0.0 |  1955
       Swamp:4 |       0 |   39344 |   0.0 |       0 |      67 |   0.0 |  1747
      Spider:1 |       0 |   15389 |   0.0 |       0 |      46 |   0.0 |  1012
      Spider:2 |       0 |   20343 |   0.0 |       0 |      44 |   0.0 |  1448
      Spider:3 |       0 |    9549 |   0.0 |       0 |      23 |   0.0 |  1000
      Spider:4 |       0 |   29794 |   0.0 |       0 |      65 |   0.0 |  2006
       Slime:1 |       0 |    8526 |   0.0 |       0 |      13 |   0.0 |    56
       Slime:2 |       0 |     779 |   0.0 |       0 |       3 |   0.0 |    31
       Slime:3 |       0 |    6087 |   0.0 |       0 |      14 |   0.0 |    87
       Slime:4 |       0 |    4270 |   0.0 |       0 |       8 |   0.0 |   101
       Slime:5 |       0 |    7043 |   0.0 |       0 |      16 |   0.0 |    84
         Orc:1 |       0 |    3411 |   0.0 |       0 |      42 |   0.0 |   901
         Orc:2 |       0 |   18205 |   0.0 |       0 |      92 |   0.0 |  2346
         Elf:1 |       0 |   28619 |   0.0 |       0 |      44 |   0.0 |  1378
         Elf:2 |       0 |   12719 |   0.0 |       0 |      23 |   0.0 |   685
         Elf:3 |       0 |   55937 |   0.0 |       0 |      64 |   0.0 |  2029
      Vaults:1 |       0 |   66228 |   0.0 |       0 |     108 |   0.0 |  3301
      Vaults:2 |       0 |   35352 |   0.0 |       0 |      47 |   0.0 |  1523
      Vaults:3 |       0 |   79261 |   0.0 |       0 |     115 |   0.0 |  2543
      Vaults:4 |       0 |   60386 |   0.0 |       0 |     117 |   0.0 |  2252
               +---------+---------+-------+---------+---------+-------+---------

Vault maps used:
D:1:      scummos_arrival_forest
D:2:      chequers_ecumenical_altar_simple_redux, st_stairs_6
D:3:      kennysheep_slugbush, grunt_temple_overflow_champion_of_chaos,
          nicolae_overflow_crystal_walls, old_standard_altar,
          grunt_dithmenos_smoke_and_mirrors
D:4:      serial_shops, shop, uniq_grinder
D:5:      grunt_temple_overflow_forces_of_nature,
          nemelex_xobeh_ov_fountains_minmay, tgw_trog, first_ration,
          basic_altar, nemelex_dance_club_becter, uniq_crazy_yiuf_cottage
D:6:      vehumet_crystals, kennysheep_small_spiral
D:7:      nicolae_ashenzari_panopticon, minmay_temple_entry_statues_pillars
D:8:      chequers_temple_overflow_statue_of_worship
D:9:      the_bakery, hangedman_decor_clover_reticule, makhleb_heckhound_becter,
          uniq_erica
D:10:     david_lair_generic, serial_shops, shop, minivault_7
D:11:     hiddenorc2_lemuel, portal_ice_cave_entry_imps
D:13:     serial_bayou_crossing
D:14:     david_vaults_2, serial_co_window_serial, co_window_paths_a,
          co_window_corner_a, co_window_paths_a, co_window_paths_a,
          co_window_corner_a, co_window_broadway_b, co_window_broadway_c,
          co_window_2corner, glass_columns_c, glass_columns_a,
          grunt_ministairs_15, hangedman_cracks_in_the_wall, uniq_louise,
          uniq_frances
D:15:     grunt_enter_depths_hoard, minmay_misc_feat_four_crosses, basic_altar
Lair:1:   gammafunk_cloud_chamber, serial_bayou_ford_a, lemuel_oklob_altar,
          uniq_sonja
Lair:3:   minmay_swamp_entry_worms, nicolae_spider_entry_tight_spaces,
          st_stairs_11, cheibrodos_lair_lostbears, lemuel_fruit_tree, uniq_urug
Lair:4:   uniq_nergalle
Lair:5:   dpeg_slime_entry_corner, wad_woods_03
Lair:6:   cheibrodos_lair_end_hotspot
Swamp:1:  hangedman_swamp_blocks, swamp_pool5
Swamp:2:  evilmike_swamp_ruin_house_3, swamp_pool3
Swamp:3:  nicolae_swamp_stair_fork
Swamp:4:  swamp_vile
Spider:3: nicolae_spider_webbed_stairs
Spider:4: spider_rune_water, spider_trap, nicolae_spider_cling_ruins
Slime:1:  cheibrodos_slime_lost_civilization_7
Orc:2:    pf_orc_diabolical
Elf:1:    eino_elf_arrival_altar, serial_shops, nicolae_shop_statue_plus,
          minmay_elf_crystal_heptagon, grunt_ministairs_14, minmay_shoptagon
Elf:2:    serial_corexii_hall, corexii_hall_statues_i,
          corexii_hall_statues_deadend, corexii_hall_statues_l, serial_shops,
          shop
Elf:3:    minmay_elf_hall_curves, minivault_16
Vaults:1: nicolae_vaults_arrows, kb_rosetta, vaults_dpeg_hooks, v_rooms_2,
          hangedman_vaults_stagger, v_misc_17, ontoclasm_vaults_loading_screen,
          hangedman_vaults_slice, nicolae_vaults_border_crossing,
          vaults_mumra_hex, uniq_aizul
Vaults:2: nicolae_vaults_three_branches, nicolae_vaults_ring_of_whatevers,
          nicolae_vaults_yaktaur_gun_rack, v_pattern_4, vaults_room_pools,
          uniq_xtahua, uniq_jory, uniq_margery, uniq_mara
Vaults:3: vaults_room_grunt_arrival_checkpoint, st_lattice,
          nicolae_vaults_asterisk, v_pattern_1, blue_anna_dwarven_crypt,
          nicolae_vaults_gold_heap, nicolae_vaults_network_quinsquares,
          nicolae_vaults_network_s, ontoclasm_vaults_ring_small, v_misc_2,
          hangedman_vaults_nodes, nicolae_vaults_diagonal_hallway_6,
          uniq_mennas, uniq_asterion
Vaults:4: nicolae_vaults_triangles, ontoclasm_vaults_eye,
          vaults_room_mumra_shop_pool, nicolae_vaults_little_squares_3,
          ontoclasm_vaults_fault, grunt_vaults_focal, vaults_room_door_hall,
          nicolae_vaults_diagonal_hallway_8, serial_ice_h,
          nicolae_vaults_rhombus_5, v_misc_28, serial_shops, shop

Table legend:
 A = Turns spent in this place as a percentage of turns spent in the entire game.
 B = Non-inter-level travel turns spent in this place as a percentage of non-inter-level travel turns spent in the entire game.
 C = Inter-level travel turns spent in this place as a percentage of turns spent in this place.
 D = Turns resting spent in this place as a percentage of non-inter-level travel turns spent in this place.
 E = Turns spent auto-exploring this place as a percentage of non-inter-level travel turns spent in this place.
 F = Non-inter-level travel turns spent in this place divided by the number of levels of this place that you've seen.
                   A       B       C       D       E      F
               +-------+-------+-------+-------+-------+----------------------
         Total | 100.0 | 100.0 |   7.4 |  33.9 |  41.5 | 1298.2
       Dungeon |  30.8 |  30.5 |   8.3 |  22.8 |  56.2 | 1134.3
          Lair |  20.2 |  19.6 |  10.2 |  37.6 |  39.2 | 1820.8
         Swamp |  11.3 |  11.3 |   7.0 |  46.1 |  32.3 | 1580.2
   Spider Nest |   9.1 |   9.0 |   8.2 |  41.2 |  30.7 | 1254.2
    Slime Pits |   0.6 |   0.6 |   0.0 |  12.5 |   0.0 |  71.8
  Orcish Mines |   5.4 |   5.3 |   8.2 |  30.2 |  36.1 | 1490.5
   Elven Halls |   6.8 |   7.1 |   3.3 |  27.3 |  45.4 | 1319.0
        Vaults |  16.0 |  16.6 |   3.9 |  42.6 |  30.9 | 2311.8
               +-------+-------+-------+-------+-------+----------------------

Table legend:
 A = Kills in this place as a percentage of kills in entire the game.
 B = Kills by you in this place as a percentage of kills by you in the entire game.
 C = Kills by friends in this place as a percentage of kills by friends in the entire game.
 D = Other kills in this place as a percentage of other kills in the entire game.
 E = Experience gained in this place as a percentage of experience gained in the entire game.
 F = Experience gained in this place divided by the number of levels of this place that you have seen.
                   A       B       C       D       E      F
               +-------+-------+-------+-------+-------+----------------------
         Total | 100.0 | 100.0 | 100.0 | 100.0 | 100.0 | 15268.4
       Dungeon |  26.3 |  26.1 |  29.8 |   0.0 |   9.0 | 3943.1
          Lair |  11.2 |  11.2 |  10.5 |   0.0 |   9.2 | 10117.2
         Swamp |   9.3 |   8.5 |  18.4 | 100.0 |  11.4 | 18698.5
   Spider Nest |  10.7 |  10.6 |  12.3 |   0.0 |  11.4 | 18768.8
    Slime Pits |   3.3 |   3.0 |   6.1 |   0.0 |   4.1 | 5341.0
  Orcish Mines |   8.1 |   8.7 |   0.0 |   0.0 |   3.3 | 10808.0
   Elven Halls |   7.9 |   7.8 |   9.6 |   0.0 |  14.8 | 32425.0
        Vaults |  23.3 |  24.1 |  13.2 |   0.0 |  36.7 | 60306.8
               +-------+-------+-------+-------+-------+----------------------
